 Dungeon Crawl Stone Soup version 0.23.0 (webtiles) character file.

Game seed: 6900627289469248298

42 inmateoo the Gusty (level 3, -5/26 HPs)
             Began as a Centaur Air Elementalist on Feb 10, 2019.
             Splashed by a jelly's acid (9 damage)
             ... on level 2 of the Dungeon.
             The game lasted 00:02:00 (1103 turns).

inmateoo the Gusty (Centaur Air Elementalist)       Turns: 1103, Time: 00:02:01

Health: -5/26      AC:  1    Str: 11    XL:     3   Next: 33%
Magic:  5/5        EV: 10    Int: 14    God:
Gold:   96         SH:  0    Dex:  9    Spells: 2/5 levels left

rFire    . . .     SeeInvis .   m - +0 quarterstaff
rCold    . . .     Gourm    .   (shield currently unavailable)
rNeg     . . .     Faith    .   a - +0 robe
rPois    .         Spirit   .   (no helmet)
rElec    .         Reflect  .   (no cloak)
rCorr    .         Harm     .   i - +0 pair of gloves
MR       .....                  (no barding)
Stlth    +.........             (no amulet)
HPRegen  0.08/turn              (no ring)
MPRegen  0.09/turn              (no ring)

@: corroded, very quick
A: large, hooves 3, deformed body, speed 2, tough skin 3
a: no special abilities


You were on level 2 of the Dungeon.
You were not hungry.

You visited 1 branch of the dungeon, and saw 2 of its levels.

You collected 96 gold pieces.

Inventory:

Hand Weapons
 m - a +0 quarterstaff (weapon)
Missiles
 b - 72 stones (quivered)
Armour
 a - a +0 robe (worn)
 i - a +0 pair of gloves (worn)
Scrolls
 h - a scroll of fog {unknown}
 j - a scroll of blinking {unknown}
 k - 2 scrolls of immolation {unknown}
 l - a scroll of identify {unknown}
Potions
 f - 3 potions of degeneration {unknown}
 g - a potion of curing {unknown}
Comestibles
 c - 2 rations


   Skills:
 + Level 0.2 Fighting
   Level 0.4 Short Blades
 - Level 1.7 Dodging
 - Level 1.2 Stealth
 - Level 1.8 Spellcasting
 - Level 1.0 Conjurations
 - Level 3.2 Air Magic


You had 2 spell levels left.
You knew the following spells:

 Your Spells              Type           Power        Failure   Level  Hunger
a - Shock                 Conj/Air       #...         10%         1    ##.....
b - Swiftness             Chrm/Air       #.......     19%         2    ###....

Your spell library contained the following spells:

 Spells                   Type           Power        Failure   Level  Hunger
 Static Discharge         Conj/Air       #.......     30%         3    ####...
 Airstrike                Air            ##........   52%         4    #####..
 Lightning Bolt           Conj/Air       #.........   95%         5    ######.


Dungeon Overview and Level Annotations

Branches:
Dungeon (2/15)

Altars:


Innate Abilities, Weirdness & Mutations

You have hooves in place of feet.
Armour fits poorly on your strangely shaped body.
You cover ground very quickly.
You have extremely tough skin. (AC +3)


Message History

There are monsters nearby!
You closely miss the goblin. The goblin hits you but does no damage.
The goblin closely misses you.
You sock the goblin!
You kill the goblin!
You see here 17 sling bullets.
You hit the jelly. The acid corrodes you!
Your hands burn!
The jelly is moderately wounded.
The jelly barely misses you.
You hit the jelly but do no damage.
Your hands burn!
The jelly is moderately wounded.
The jelly hits you but does no damage.
You sock the jelly!
Your hands burn!
The jelly is severely wounded.
The jelly hits you.
You are splashed with acid!
* * * LOW HITPOINT WARNING * * *
The jelly hits you.
* * * LOW HITPOINT WARNING * * *
You are splashed with acid!
You die...

######. #).#
#.# .....#.
#..# #.#
.......##..#
#.#
####.......#
#.# #######.#
#.# #.# #.#
##########.#
#.#
.........(.#
#.########
############
#.@J......
#..).........
#.####..#####
# ..# ....
#.### .# .#


You could see a jelly.

Vanquished Creatures
  An ooze (D:1)
  3 dart slugs (D:1)
  A leopard gecko (D:1)
  2 giant cockroaches
  7 goblins
  4 hobgoblins
  4 bats
  5 kobolds
  A rat (D:2)
28 creatures vanquished.

Notes
Turn   | Place    | Note
-------+----------+-------------------------------------------
     0 | D:1      | inmateoo the Centaur Air Elementalist began the quest for
                  | the Orb.
     0 | D:1      | Reached XP level 1. HP: 14/14 MP: 3/3
   128 | D:1      | Reached XP level 2. HP: 15/20 MP: 0/4
   149 | D:1      | Reached skill level 3 in Air Magic
   291 | D:1      | Reached skill level 1 in Conjurations
   444 | D:1      | Learned a level 2 spell: Swiftness
   545 | D:1      | Reached XP level 3. HP: 22/26 MP: 5/5
  1103 | D:2      | Splashed by a jelly's acid

Skill      XL: |  1  2 |
---------------+-------+-----
Air Magic      | 3 |  3.2
Conjurations   | 1 |  1.0
Fighting       | |  0.2
Short Blades   | |  0.4
Dodging        | |  1.7
Stealth        | |  1.2
Spellcasting   | |  1.8

Action                   || total
-------------------------++-------
Melee: Short sword       ||    62
       Unarmed           ||     6
       Kick              ||     8
       Quarterstaff      ||     8
Throw: Stone             ||     2
 Cast: Shock             ||    10
 Stab: Sleeping          ||     1
Armor: Robe              ||    35
Dodge: Dodged            ||    41
